 Dungeon Crawl Stone Soup version 0.20-a0-470-gbb038bd (webtiles) character file.

107 Colliwobble the Slasher (level 4, -6/39 HPs)
             Began as a Minotaur Abyssal Knight on Jan 14, 2017.
             Was a Believer of Lugonu.
             Mangled by Grinder (8 damage)
             ... on level 3 of the Dungeon.
             The game lasted 00:05:42 (2180 turns).

Colliwobble the Slasher (Minotaur Abyssal Knight)   Turns: 2180, Time: 00:05:43

Health: -6/39      AC:  6    Str: 17    XL:     4   Next: 57%
Magic:  5/5        EV: 10    Int:  9    God:    Lugonu [**....]
Gold:   69         SH:  0    Dex: 10    Spells: 3/3 levels left

rFire  . . .     SeeInvis .     a - +1 falchion
rCold  . . .     Gourm    .     l - +0 ring mail
rNeg   . . .     Faith    .     (no shield)
rPois  .         Spirit   .     (helmet restricted)
rElec  .         Reflect  .     (no cloak)
rCorr  .         Harm     .     (no gloves)
MR     .....                    f - +0 pair of boots
Stlth  ..........               (no amulet)
                                (no ring)
                                (no ring)

@: no status effects
A: retaliatory headbutt, horns 2
a: Depart the Abyss, Bend Space, Renounce Religion


You were on level 3 of the Dungeon.
You worshipped Lugonu.
Lugonu was pleased with you.
You were not hungry.

You visited 1 branch of the dungeon, and saw 3 of its levels.
You visited the Abyss 1 time.

You collected 69 gold pieces.

Inventory:

Hand Weapons
 a - a +1 falchion (weapon)
 b - a +0 hunting sling
Missiles
 n - 82 stones (quivered)
Armour
 f - a +0 pair of boots (worn)
 l - a +0 ring mail (worn)
Wands
 m - a wand of lightning (3/15)
Scrolls
 d - a scroll of remove curse {unknown}
 e - a scroll of enchant weapon {unknown}
 g - 4 scrolls of identify {unknown}
 i - a scroll of blinking {unknown}
 o - a scroll of enchant armour {unknown}
 q - a scroll of amnesia {unknown}
Potions
 h - a potion of curing {unknown}
 j - a potion of cure mutation {unknown}
 k - a potion of lignification {unknown}
Comestibles
 c - a bread ration
 p - 3 chunks of flesh


   Skills:
 - Level 3.6 Fighting
 * Level 4.9 Long Blades
 - Level 2.4 Armour
 - Level 1.1 Dodging
 + Level 3.1 Invocations


You had 3 spell levels left.
You didn't know any spells.

Dungeon Overview and Level Annotations

Branches:
Dungeon (3/15)

Altars:

Annotations:
D:3 Grinder


Innate Abilities, Weirdness & Mutations

You reflexively headbutt those who attack you in melee.
You have a pair of horns on your head.


Message History

The bat barely misses you. Grinder gestures at you.
Pain shoots through your body!
* * * LOW HITPOINT WARNING * * *
You are too injured to fight recklessly!
You are too injured to fight recklessly!
You are too injured to fight recklessly!
You are too injured to fight recklessly!
You closely miss Grinder.
The bat barely misses you. x2; You riposte.
You hit the bat.
You kill the bat!
Lugonu accepts your kill. Grinder hits you.
* * * LOW HITPOINT WARNING * * *
You writhe in agony.
* * * LOW HITPOINT WARNING * * *
You hit Grinder.
Grinder is lightly wounded.
Grinder hits you!
You die...

###
..######
#......
#..##.#
#..##.####
#........#
#.#.#....#
#...#.5..#
#<###..@.#
#.# #....#
#.# #....#
..# #....#
#.# ######
#.# ?.#
.##


You could see Grinder.

Vanquished Creatures
  Ijyb (D:2)
  An adder (D:2)
  2 worms (D:2)
  A dart slug (D:1)
  2 leopard geckos (D:1)
  3 giant cockroaches
  8 goblins
  8 hobgoblins
  8 jackals (D:1)
  A quokka (D:2)
  8 bats
  2 frilled lizards
  8 kobolds
  7 rats
60 creatures vanquished.

Notes
Turn   | Place    | Note
-------+----------+-------------------------------------------
     0 | Abyss:1  | Colliwobble the Minotaur Abyssal Knight began the quest for the Orb.
     0 | Abyss:1  | Reached XP level 1. HP: 19/19 MP: 1/1
    37 | Abyss:1  | Noticed an apocalypse crab
    39 | Abyss:1  | Paralysed by you for 3 turns
    46 | D:1      | Escaped the Abyss
   210 | D:1      | Reached skill level 3 in Long Blades
   213 | D:1      | Reached XP level 2. HP: 15/26 MP: 2/2
   693 | D:1      | Reached * piety under Lugonu
   739 | D:1      | Reached XP level 3. HP: 23/31 MP: 3/3
   945 | D:1      | Reached skill level 4 in Long Blades
  1344 | D:2      | Reached ** piety under Lugonu
  1348 | D:2      | Reached XP level 4. HP: 26/39 MP: 5/5
  1528 | D:2      | Noticed Ijyb
  1556 | D:2      | Killed Ijyb
  2166 | D:3      | Noticed Grinder
  2168 | D:3      | Paralysed by Grinder for 2 turns
  2180 | D:3      | Mangled by Grinder

Vault maps used:
D:1:      dpeg_arrival_three_bigger_balls, minmay_pentomino_z2
D:2:      uniq_iyjb
D:3:      first_bread, kennysheep_generic_room_3, uniq_grinder

Skill      XL: |  1  2  3  4 |
---------------+-------------+-----
Invocations    | 2 3 |  3.1
Long Blades    | 3 4 |  4.9
Fighting       | |  3.6
Armour         | |  2.4
Dodging        | |  1.1

Action                   |  1- 3 |  4- 6 || total
-------------------------+-------+-------++-------
Melee: Falchion          |    87 |    30 ||   117
       Headbutt          |    10 |     7 ||    17
Invok: Depart the Abyss  |     1 |       ||     1
  Eat: Chunk             |     1 |     3 ||     4
Armor: Leather armour    |    22 |       ||    22
       Ring mail         |     5 |    21 ||    26
Dodge: Dodged            |    68 |    26 ||    94
       Rpst.: Falchion   |    17 |     5 ||    22
